 Dungeon Crawl Stone Soup version 0.20-a0-842-g939b552 (console) character file.

12467 Abuh the Warrior (level 11, -10/112 HPs)
             Began as a Minotaur Berserker on Mar 8, 2017.
             Was a High Priest of Trog.
             Mangled by a two-headed ogre
             ... wielding a +0 giant spiked club
              (23 damage)
             ... on level 10 of the Dungeon on Mar 9, 2017.
             The game lasted 00:28:16 (9278 turns).

Abuh the Warrior (Minotaur Berserker)               Turns: 9278, Time: 00:28:17

Health: -10/112    AC: 13    Str: 29    XL:     11   Next: 62%
Magic:  10/10      EV:  8    Int:  4    God:    Trog [*****.]
Gold:   609        SH:  0    Dex:  9    Spells: 10/10 levels left

rFire    . . .     SeeInvis .   V - +10 great mace {crush, +Blink +Fly Str+3}
rCold    . . .     Gourm    .   R - +0 plate armour
rNeg     . . .     Faith    .   (shield currently unavailable)
rPois    .         Spirit   .   (helmet restricted)
rElec    .         Reflect  .   (no cloak)
rCorr    .         Harm     .   M - +0 pair of gloves
MR       .....                  T - +0 pair of boots
Stlth    ..........             (no amulet)
Regen    0.3/turn               (no ring)
MPRegen  0.2/turn               (no ring)

@: no status effects
A: retaliatory headbutt, horns 2
a: Berserk, Trog's Hand, Brothers in Arms, Burn Spellbooks, Renounce Religion,
Evoke Blink, Evoke Flight


You were on level 10 of the Dungeon.
You worshipped Trog.
Trog was extremely pleased with you.
You were not hungry.

You visited 1 branch of the dungeon, and saw 10 of its levels.

You collected 609 gold pieces.

Inventory:

Hand Weapons
 a - a +1 mace
 k - a +4 flail
 y - a +6 dire flail of crushing
 Q - a +0 morningstar
 V - the +10 great mace "Wozaufar" (weapon) {crush, +Blink +Fly Str+3}
   (Trog gifted it to you on level 10 of the Dungeon)

   It inflicts extra damage upon your enemies.
   It affects your strength (+3).
   It lets you fly.
   It lets you blink.
Armour
 j - a +0 pair of boots
 s - a +0 buckler
 M - a +0 pair of gloves (worn)
 R - a +0 plate armour (worn)
 T - a +0 pair of boots (worn)
Jewellery
 i - an uncursed ring of teleportation
 u - a +2 amulet of reflection
 C - an uncursed amulet of inaccuracy
 G - an uncursed ring of fire {unknown}
 J - a +4 ring of protection {unknown}
Wands
 m - a wand of flame (7/48)
 t - a wand of paralysis (20/24)
 B - a wand of confusion (12/48)
 K - a wand of confusion (35/48)
 P - a wand of random effects (23/48)
 W - a wand of random effects (10/48)
Scrolls
 b - a scroll of vulnerability {unknown}
 e - 4 scrolls of amnesia
 v - 4 scrolls of remove curse
 w - 2 scrolls of recharging
 x - 2 scrolls of noise {unknown}
 D - 4 scrolls of teleportation
 E - a scroll of fear {unknown}
 F - a scroll of summoning {unknown}
 I - 2 scrolls of blinking {unknown}
 L - a scroll of fog {unknown}
 N - 5 scrolls of identify
 O - a scroll of immolation {unknown}
Potions
 d - 2 potions of lignification {unknown}
 f - 2 potions of invisibility
 g - 3 potions of haste {unknown}
 h - a potion of ambrosia {unknown}
 l - a potion of magic {unknown}
 n - a potion of curing
 o - a potion of flight {unknown}
 p - a potion of berserk rage {unknown}
 q - 2 potions of degeneration {unknown}
 r - 2 potions of agility {unknown}
 A - 2 potions of heal wounds
 H - a potion of mutation {unknown}
 S - a potion of resistance {unknown}
Comestibles
 c - 5 bread rations
 z - 4 meat rations
 U - a royal jelly
 X - 6 chunks of flesh


   Skills:
 + Level 15.3 Fighting
 + Level 15.2 Maces & Flails
 - Level 2.6 Armour
 - Level 2.4 Dodging


You had 10 spell levels left.
You didn't know any spells.

Dungeon Overview and Level Annotations

Branches:
Dungeon (10/15)            Temple (0/1) D:7
   Lair: D:8-11         Orc: D:9-12

Altars:
Ashenzari
Fedhas
Hepliaklqana
Okawaru
Vehumet
Wu Jian
Xom


Innate Abilities, Weirdness & Mutations

You reflexively headbutt those who attack you in melee.
You have a pair of horns on your head.


Message History

You bludgeon the two-headed ogre!! You headbutt the two-headed ogre.
The two-headed ogre is severely wounded.
You bludgeon the two-headed ogre!!
You kill the two-headed ogre!
Trog accepts your kill.
You closely miss the two-headed ogre.
The two-headed ogre hits you with a giant spiked club!!
The two-headed ogre hits you with a giant club!!
* * * LOW HITPOINT WARNING * * *
You bludgeon the two-headed ogre!!
The two-headed ogre is moderately wounded.
The two-headed ogre hits you with a giant spiked club!
* * * LOW HITPOINT WARNING * * *
The two-headed ogre hits you but does no damage.
You barely miss the two-headed ogre.
The two-headed ogre is moderately wounded.
You completely miss the two-headed ogre.
The two-headed ogre is moderately wounded.
The two-headed ogre hits you with a giant spiked club!!
You die...

#.# .#.# #.# ...
### ... >. #O O##
#### #O# ##..##
#@# #.##.####.#
## ##.###..['##
##.####..########
#...#.....#
..........##
.#.........##
##.........#
#.........###


You could see a two-headed ogre and 2 ogres.

Vanquished Creatures
  A rakshasa (D:10)
  Erica (D:9)
  4 two-headed ogres
  The ghost of lolicon the Transmogrifier, a novice NaTm of Cheibriados (D:10)
  Pikel (D:6)
  A centaur zombie (D:10)
  A gargoyle (D:10)
  An efreet (D:10)
  A troll (D:9)
  The ghost of yrara the Twirler, an amateur DsGl (D:5)
  Grinder (D:3)
  A spriggan (D:7)
  The ghost of Abuh the Skirmisher, an amateur MiBe of Trog (D:3)
  Sigmund (D:6)
  A wyvern (D:9)
  4 yaks (D:9)
  Menkaure (D:4)
  Edmund (D:4)
  A water moccasin (D:6)
  4 orc warriors
  3 sky beasts
  A slave (D:6)
  A phantom (D:9)
  A black bear (D:6)
  An ice beast (D:9)
  13 ogres
  A centaur (D:6)
  Blork the orc (D:6)
  A big kobold (D:8)
  10 bullfrogs
  A wyvern zombie (D:7)
  A water moccasin zombie (D:8)
  3 scorpions
  4 killer bees (D:6)
  A wight (D:8)
  2 howler monkeys
  A crimson imp (D:7)
  A bullfrog zombie (D:6)
  A quasit (D:10)
  A jelly (D:6)
  Crazy Yiuf (D:6)
  4 orc priests
  3 hounds
  2 bullfrog skeletons (D:8)
  A centaur skeleton (D:8)
  4 iguanas
  Ijyb (D:3)
  Natasha (twice) (D:2)
  5 orc wizards
  9 worker ants
  A killer bee zombie (D:8)
  An ogre zombie (D:10)
  A worker ant zombie (D:8)
  8 gnolls
  9 adders
  2 shadow imps
  An adder zombie (D:7)
  2 worms
  2 dart slugs
  4 leopard geckos
  35 orcs
  2 ball pythons
  11 bats
  3 giant cockroaches
  4 goblins
  9 hobgoblins
  10 jackals
  4 quokkas
  2 frilled lizards (D:1)
  3 kobolds
  A leopard gecko skeleton (D:6)
  A quokka zombie (D:5)
  13 rats
239 creatures vanquished.

Vanquished Creatures (others)
  A slave (D:6)
  A bullfrog (D:6)
2 creatures vanquished.

Grand Total: 241 creatures vanquished

Notes
Turn   | Place    | Note
-------+----------+-------------------------------------------
     0 | D:1      | Abuh the Minotaur Berserker began the quest for the Orb.
     0 | D:1      | Reached XP level 1. HP: 19/19 MP: 0/0
   276 | D:1      | Reached XP level 2. HP: 25/27 MP: 1/1
   609 | D:2      | Noticed Natasha
   611 | D:2      | Noticed a crimson imp
   615 | D:2      | Noticed a crimson imp
   616 | D:2      | Killed Natasha
   616 | D:2      | Reached XP level 3. HP: 31/34 MP: 2/2
   658 | D:2      | Reached ** piety under Trog
   813 | D:2      | Reached XP level 4. HP: 41/41 MP: 3/3
  1084 | D:2      | Noticed Natasha
  1094 | D:2      | Killed Natasha
  1094 | D:2      | Reached skill level 5 in Fighting
  1094 | D:2      | Reached skill level 5 in Maces & Flails
  1369 | D:3      | Noticed Abuh's ghost (amateur MiBe)
  1380 | D:3      | Killed Abuh's ghost
  1380 | D:3      | Reached XP level 5. HP: 22/50 MP: 4/4
  1383 | D:3      | Reached XP level 6. HP: 26/57 MP: 5/5
  1701 | D:3      | Noticed Grinder
  1703 | D:3      | Found a hazy altar of Hepliaklqana.
  1725 | D:3      | Killed Grinder
  1749 | D:3      | Found a blossoming altar of Fedhas.
  1776 | D:3      | Noticed Ijyb
  1784 | D:3      | Killed Ijyb
  1784 | D:3      | Reached XP level 7. HP: 43/66 MP: 6/6
  2251 | D:3      | Reached *** piety under Trog
  2424 | D:4      | Found a radiant altar of Vehumet.
  3002 | D:4      | Noticed Menkaure
  3009 | D:4      | Killed Menkaure
  3295 | D:4      | Noticed Edmund
  3303 | D:4      | Killed Edmund
  3706 | D:5      | Entered Level 5 of the Dungeon
  3726 | D:5      | Reached XP level 8. HP: 74/75 MP: 7/7
  3785 | D:5      | Noticed yrara's ghost (amateur DsGl)
  3790 | D:5      | Killed yrara's ghost
  4216 | D:5      | Found an iron altar of Okawaru.
  4866 | D:6      | Reached skill level 10 in Fighting
  4866 | D:6      | Reached skill level 10 in Maces & Flails
  4873 | D:6      | Reached **** piety under Trog
  4926 | D:6      | Noticed Blork the orc
  4931 | D:6      | Killed Blork the orc
  5030 | D:6      | Noticed Sigmund
  5039 | D:6      | Killed Sigmund
  5120 | D:6      | Reached XP level 9. HP: 86/86 MP: 8/8
  5125 | D:6      | Noticed Pikel
  5132 | D:6      | Killed Pikel
  5616 | D:6      | Found a runed door.
  5674 | D:6      | Noticed Crazy Yiuf
  5677 | D:6      | Killed Crazy Yiuf
  5847 | D:7      | Found an ornate altar of the Wu Jian Council.
  6043 | D:7      | Found a staircase to the Ecumenical Temple.
  6097 | D:7      | Found a hazy altar of Hepliaklqana.
  6383 | D:7      | Upgraded the game from 0.20-a0-837-g0f21a4d to 0.20-a0-842-g939b552
  6546 | D:8      | Reached ***** piety under Trog
  6546 | D:8      | Reached XP level 10. HP: 99/99 MP: 9/9
  6609 | D:8      | Noticed a two-headed ogre
  6614 | D:8      | Killed a two-headed ogre
  6674 | D:8      | Found a shimmering altar of Xom.
  7322 | D:9      | Noticed Erica
  7336 | D:9      | Killed Erica
  7887 | D:9      | Found a shattered altar of Ashenzari.
  8505 | D:10     | Entered Level 10 of the Dungeon
  8553 | D:10     | Received a gift from Trog
  8554 | D:10     | Got a crude great mace {god gift}
  8555 | D:10     | Identified the +10 great mace "Wozaufar" {crush, +Blink +Fly Str+3} (Trog gifted it to you on level 10 of the Dungeon)
  8654 | D:10     | Noticed a gargoyle
  8658 | D:10     | Killed a gargoyle
  8658 | D:10     | Reached XP level 11. HP: 94/110 MP: 10/10
  8703 | D:10     | Noticed lolicon's ghost (novice NaTm)
  8723 | D:10     | Killed lolicon's ghost
  8788 | D:10     | Noticed a two-headed ogre
  8796 | D:10     | Killed a two-headed ogre
  9099 | D:10     | Noticed a rakshasa
  9106 | D:10     | Killed a rakshasa
  9217 | D:10     | Reached skill level 15 in Fighting
  9264 | D:10     | Noticed a two-headed ogre
  9265 | D:10     | Noticed a two-headed ogre
  9265 | D:10     | Noticed a two-headed ogre
  9268 | D:10     | Killed a two-headed ogre
  9268 | D:10     | Reached skill level 15 in Maces & Flails
  9274 | D:10     | Killed a two-headed ogre
  9278 | D:10     | Mangled by a two-headed ogre

Vault maps used:
D:1:      minmay_arrival_open_corners
D:2:      first_bread, minmay_misc_feat_x, kennysheep_generic_room_7,
          uniq_natasha
D:3:      lemuel_crystal_altar, fedhas_altar_2, uniq_grinder, uniq_iyjb
D:4:      mumra_celtic_spiral_tile, old_standard_altar, uniq_edmund,
          uniq_menkaure
D:5:      kennysheep_big_flooded_room, kennysheep_okawaru_gauntlet
D:6:      kennysheep_generic_room_2, uniq_pikel, uniq_sigmund,
          uniq_crazy_yiuf_cottage, uniq_blork_the_orc
D:7:      kennysheep_mini_moat, minmay_temple_entry_glassed_door, basic_altar,
          the_bakery
D:8:      minmay_four_partial_circles, xom_butterflies,
          kennysheep_generic_room_15
D:9:      basic_altar, hangedman_glass_teeth, uniq_erica
D:10:     lemuel_ogre_cave, hiddenorc1_lemuel, uniq_grum

Skill      XL: |  1  2  3  4  5  6  7  8  9 10 11 |
---------------+----------------------------------+-----
Fighting       | 4 6 7 8 10 12 14 15 | 15.3
Maces & Flails | 4 6 7 8 10 12 14 15 | 15.2
Armour         | |  2.6
Dodging        | |  2.4

Action                   |  1- 3 |  4- 6 |  7- 9 | 10-12 || total
-------------------------+-------+-------+-------+-------++-------
Melee: Mace              |    64 |    84 |    21 |       ||   169
       Headbutt          |     9 |    13 |    36 |    35 ||    93
       Flail             |       |       |    30 |       ||    30
       Dire flail        |       |       |   153 |   118 ||   271
       Great mace        |       |       |       |    89 ||    89
Invok: Burn Spellbooks   |       |       |       |     2 ||     2
  Use: Scroll            |       |       |    10 |       ||    10
       Potion            |       |       |       |     1 ||     1
  Eat: Chunk             |       |     3 |     8 |     2 ||    13
       Bread ration      |       |       |     2 |     1 ||     3
Armor: Ring mail         |    31 |       |       |       ||    31
       Chain mail        |       |    48 |    72 |     5 ||   125
       Plate armour      |       |       |       |    83 ||    83
Dodge: Dodged            |    53 |    49 |    70 |    57 ||   229
Block: Other             |       |     1 |     4 |       ||     5
       Buckler           |       |       |     4 |       ||     4
